 Dungeon Crawl Stone Soup version 0.16.2-3-ga078185 (webtiles) character file.

74 gorblad the Shooter (level 4, -2/36 HPs)
             Began as a Centaur Hunter on Sept 6, 2015.
             Killed from afar by an orc wizard (10 damage)
             ... with a puff of frost
             ... on level 3 of the Dungeon.
             The game lasted 00:09:23 (2113 turns).

gorblad the Shooter (Centaur Hunter)                Turns: 2113, Time: 00:09:25

Health: -2/36      AC: 10    Str: 14    XL:     4   Next: 9%
Magic:  3/3        EV:  4    Int: 10    God:
Gold:   137        SH:  0    Dex: 11    Spells: 0 memorised, 3 levels left

rFire  . . .     SeeInvis .     c - +2 short sword (holy)
rCold  . . .     Clarity  .     k - +1 chain mail
rNeg   . . .     SustAb   .     (no shield)
rPois  .         Gourm    .     o - +0 helmet
rElec  .         Spirit   .     (no cloak)
rCorr  .         Warding  .     r - +0 pair of gloves
rMut   .         Stasis   .     (no barding)
MR     .....                    (no amulet)
Stlth  ..........               (no ring)
                                q - ring of loudness (curse)

@: very quick, not resistant to hostile enchantments, extremely unstealthy
A: hooves 3, deformed body, speed 2, tough skin 3
a: no special abilities


You were on level 3 of the Dungeon.
You were not hungry.

You visited 1 branch of the dungeon, and saw 3 of its levels.

You collected 137 gold pieces.

Inventory:

Hand weapons
 a - a +0 short sword
 b - a +2 shortbow
 c - a +2 short sword of holy wrath (weapon)
Missiles
 u - 2 arrows
Armour
 d - a +0 leather armour
 k - a +1 chain mail (worn)
 o - a +0 helmet (worn)
 r - a +0 pair of gloves (worn)
Jewellery
 q - a cursed ring of loudness (left hand)
Scrolls
 e - a scroll of identify
 h - 2 scrolls of fog
 j - a scroll of random uselessness {unknown}
 t - 3 scrolls of enchant armour
Potions
 i - a potion of magic {unknown}
 m - 2 potions of poison {unknown}
 n - a potion of heal wounds {unknown}
 p - 2 potions of curing {unknown}
 s - a potion of mutation {unknown}
Comestibles
 f - 3 bread rations
 g - 2 meat rations
 l - a beef jerky


   Skills:
 + Level 2.2 Fighting
 + Level 7.0 Bows
 + Level 0.2 Armour
 + Level 1.6 Dodging
 + Level 0.5 Stealth


You had 3 spell levels left.
You didn't know any spells.

Dungeon Overview and Level Annotations

Branches:
Dungeon (3/15)

Altars:


Innate Abilities, Weirdness & Mutations

You have hooves in place of feet.
Armour fits poorly on your strangely shaped body.
You cover ground very quickly.
You have extremely tough skin (AC +3).


Message History

You are too injured to fight recklessly!
You are too injured to fight recklessly!
You are too injured to fight recklessly!
Unknown command.
You are too injured to fight recklessly!
You are too injured to fight recklessly!
You are too injured to fight recklessly!
You are too injured to fight recklessly!
You are too injured to fight recklessly!
Unknown command.
You are too injured to fight recklessly!
You are too injured to fight recklessly!
You hit the orc.
The orc is heavily wounded.
The orc wizard hits you but does no damage.
The hobgoblin hits you but does no damage.
The orc hits you but does no damage.
The orc wizard gestures at you while chanting.
The puff of frost hits you!
You die...

#..#.######....(##...
#..#..####..........(
......##...###..(o...
##....#.......g..##.#
................(.#.##
.#..)..).)...(.......##
##..###.....#.o###(#..##
....# #......#{g##.....#
##.## ##..##.##o@o###...
#.# #..##..###...#...
#.# #.####...##......
#.. ..###..†..#...>...
##. #.###..............
#. #.##.........##.... .
.............##..
.................
............#####


You could see an orc wizard, 2 orcs and a hobgoblin.

Vanquished Creatures
  2 adders (D:3)
  A giant mite (D:2)
  2 worms
  A giant gecko (D:2)
  2 orcs (D:3)
  8 bats
  3 giant cockroaches
  6 hobgoblins
  7 kobolds
  2 giant newts
  2 rats
36 creatures vanquished.

Notes
Turn   | Place    | Note
--------------------------------------------------------------
     0 | D:1      | gorblad, the Centaur Hunter, began the quest for the Orb.
     0 | D:1      | Reached XP level 1. HP: 17/17 MP: 1/1
   349 | D:1      | Reached XP level 2. HP: 21/24 MP: 2/2
   801 | D:1      | Reached skill level 6 in Bows
  1052 | D:2      | Reached XP level 3. HP: 21/29 MP: 3/3
  1944 | D:3      | Reached skill level 7 in Bows
  1944 | D:3      | Reached XP level 4. HP: 8/36 MP: 3/3
  2113 | D:3      | Killed from afar by an orc wizard

Action                   |  1- 3 |  4- 6 || total
-------------------------+-------+-------++-------
Melee: Shortbow          |    26 |       ||    26
       Short sword       |       |    11 ||    11
 Fire: Shortbow          |   135 |     8 ||   143
  Use: Scroll            |     5 |       ||     5
  Eat: Bread ration      |     1 |       ||     1
